[Event "27th Keres Memorial 2018"]
[Site "Tallinn"]
[Date "2018.01.13"]
[Round "2"]
[White "Lumiste, Rene"]
[Black "Olkhovskiy, Alexander"]
[Result "0-1"]
[ECO "A06"]
[WhiteElo "2118"]
[BlackElo "2115"]
[Annotator "ChessBase"]
[PlyCount "74"]
[EventDate "2018.??.??"]
[EventType "swiss"]
[EventCountry "EST"]
[SourceTitle "playchess.com"]
[Source "ChessBase"]
[SourceQuality "1"]
[TimeControl "900+5"]

1. Nf3 d5 2. g3 g6 3. Bg2 Bg7 4. O-O e5 5. d3 Ne7 6. e4 O-O 7. Nc3 c6 8. Qe2 d4 9. Nb1 h6 10. Ne1 c5 11. f4 Nbc6 12. Nd2 Kh7 13. a4 exf4 14. gxf4 Nb4 15. Nc4 f5 16. Bd2 fxe4 17. dxe4 Nxc2 18. Nxc2 d3 19. Qd1 dxc2 20. Qxc2 Nc6 21. e5 Bf5 22. Qc3 Nd4 23. Rae1 Nc2 24. Rc1 Nb4 25. Qe3 Nd3 26. Rc3 Qd4 27. b3 Rad8 28. Bxb7 Be6 29. Qxd4 Rxd4 30. Be3 Rdd8 31. Be4 Bf5 32. Bxd3 Rxd3 33. Rxd3 Bxd3 34. Rc1 a6 35. Rc3 Be4 36. Nd6 Bd5 37. Rxc5 Bxb3 0-1

[Event "27th Keres Memorial 2018"]
[Site "Tallinn"]
[Date "2018.01.13"]
[Round "4"]
[White "Neff, Sergei"]
[Black "Ahvenjarvi, Jani"]
[Result "0-1"]
[ECO "A06"]
[WhiteElo "2103"]
[BlackElo "2388"]
[Annotator "NA"]
[PlyCount "72"]
[EventDate "2018.??.??"]
[EventType "swiss"]
[EventCountry "EST"]
[SourceTitle "playchess.com"]
[Source "ChessBase"]
[SourceQuality "1"]
[TimeControl "900+5"]

1. Nf3 d5 2. g3 c6 3. Bg2 Bg4 4. O-O Nd7 5. d3 e5 6. h3 Bh5 7. e4 dxe4 8. dxe4 Ngf6 9. Nbd2 Be7 10. Qe2 O-O 11. a4 a5 12. Rd1 Qc7 13. Nf1 Nc5 14. g4 Bg6 15. N3d2 Nfd7 16. Ng3 Bg5 17. Nf5 Ne6 18. Nc4 Bxc1 19. Raxc1 Ndc5 20. b3 Nf4 21. Qe3 Nce6 22. Bf1 Rfd8 23. c3 h5 24. Qb6 Rxd1 25. Rxd1 Qxb6 26. Nxb6 Re8 27. b4 axb4 28. cxb4 Bxf5 29. exf5 Nd4 30. a5 f6 31. Nc4 g6 32. fxg6 hxg4 33. hxg4 Nf3+ 34. Kh1 Kg7 35. Rd7+ Kxg6 36. Bh3 Rh8 0-1

[Event "27th Keres Memorial 2018"]
[Site "Tallinn"]
[Date "2018.01.14"]
[Round "8.10"]
[White "Volodin, Aleksandr"]
[Black "Shvyrjov, Igor"]
[Result "1-0"]
[ECO "B07"]
[WhiteElo "2397"]
[BlackElo "2310"]
[Annotator "ChessBase"]
[PlyCount "97"]
[EventDate "2018.??.??"]
[EventType "swiss"]
[EventCountry "EST"]
[SourceTitle "playchess.com"]
[Source "ChessBase"]
[SourceQuality "1"]
[TimeControl "900+5"]

1. d4 d6 2. e4 Nf6 3. Bd3 Nc6 4. c3 g6 5. Nf3 Bg7 6. O-O O-O 7. h3 e5 8. Re1 h6 9. Nbd2 Nh5 10. Nf1 exd4 11. cxd4 Nxd4 12. Nxd4 Bxd4 13. Bxh6 Bxb2 14. Rb1 Bg7 15. Bxg7 Kxg7 16. Ne3 Nf4 17. Bf1 Qg5 18. Qd4+ f6 19. Ng4 Bxg4 20. hxg4 b6 21. f3 Ne6 22. Qd5 Qe5 23. Bc4 Rae8 24. Rbc1 Qd4+ 25. Qxd4 Nxd4 26. Bd5 c5 27. a4 Re7 28. Kf2 a6 29. Rb1 b5 30. Red1 Rb8 31. Ke3 b4 32. Kd3 a5 33. Kc4 Nc2 34. Kb3 Nd4+ 35. Kc4 g5 36. Rb2 Rc7 37. Rf1 Rh8 38. Rbf2 Rh2 39. f4 gxf4 40. Rxf4 Rxg2 41. Rxf6 Rc2+ 42. Kd3 Rc3+ 43. Kd2 Rc2+ 44. Kd3 Rc3+ 45. Kd2 c4 46. Rf8 Rd3+ 47. Ke1 c3 48. Rg8+ Kh6 49. Rh1+ 1-0

[Event "27th Keres Memorial 2018"]
[Site "Tallinn"]
[Date "2018.01.14"]
[Round "11"]
[White "Shlykov, Vitali"]
[Black "Dubrovin, Robert"]
[Result "1-0"]
[ECO "A45"]
[WhiteElo "2289"]
[BlackElo "2251"]
[Annotator "ChessBase"]
[PlyCount "99"]
[EventDate "2018.??.??"]
[EventType "swiss"]
[EventCountry "EST"]
[SourceTitle "playchess.com"]
[Source "ChessBase"]
[SourceQuality "1"]
[TimeControl "900+5"]

1. d4 Nf6 2. g3 c5 3. d5 b5 4. Bg2 Bb7 5. a4 b4 6. e4 d6 7. b3 g6 8. Bb2 Bg7 9. Nd2 O-O 10. Nc4 a5 11. Ne2 Nbd7 12. O-O Nb6 13. Ne3 Rc8 14. c4 bxc3 15. Bxc3 Ba6 16. Ra2 Nbd7 17. Qd2 Qb6 18. Rb1 Bxe2 19. Qxe2 Ne8 20. Nc4 Qa6 21. Bxa5 Rb8 22. Qc2 Rb7 23. Bf1 Qa7 24. f4 Bd4+ 25. Kh1 Nc7 26. Bh3 Na6 27. Qe2 Rfb8 28. Nd2 Nb4 29. Bxb4 Rxb4 30. Rc2 Nb6 31. Rbc1 Qb7 32. Qd3 f5 33. Bg2 Qd7 34. a5 Nc8 35. Rc4 fxe4 36. Bxe4 Rxc4 37. Rxc4 Qb5 38. a6 Qxa6 39. Nf3 Qa1+ 40. Kg2 Qb2+ 41. Kh3 Rxb3 42. Qc2 Qxc2 43. Rxc2 Bg7 44. Ng5 Nb6 45. Ra2 Bf6 46. Ne6 c4 47. Ra7 Re3 48. Rb7 h6 49. Bxg6 Nd7 50. Rxd7 1-0